[Event "Titled Tuesday Blitz June 20 Late 2023"]
[White "Terry, Renato"]
[Black "Tristan, Leonardo"]
[WhiteFideId "3803457"]
[BlackFideId "113816"]
[WhiteElo "2575"]
[BlackElo "2461"]
[Result "0-1"]
[Round "11"]
[TimeControl "180+2"]
[Date "2023.06.20"]
[WhiteClock "0:00:00"]
[BlackClock "0:00:03"]
[Board "5"]

1. d4 d5 2. Bg5 f6 3. Bf4 Nc6 4. Nf3 g5 5. Bc1 Bf5 6. e3 Nb4 7. Na3 e6 8. c3 Nc6 9. Nc2 h5 10. Bd3 Nh6 11. Qe2 Kf7 12. Bd2 Bxd3 13. Qxd3 Nf5 14. Ng1 Nd6 15. Ne2 Qd7 16. h4 g4 17. f3 f5 18. Nf4 Bg7 19. b3 b5 20. Kf1 Ne7 21. Qe2 Ng6 22. Nxg6 Kxg6 23. Nb4 Nf7 24. Nd3 e5 25. f4 exd4 26. cxd4 Rae8 27. Ne5+ Bxe5 28. dxe5 c5 29. b4 d4 30. bxc5 d3 31. Qd1 Rd8 32. Rc1 Qc6 33. Qb3 Rd5 34. Kf2 Kh6 35. Rc3 g3+ 36. Kf1 Rhd8 37. Rh3 Rg8 38. Qa3 a6 39. Qb3 Nd8 40. Rxd3 Rxd3 41. Qxd3 Qxc5 42. Qxf5 Qc4+ 43. Ke1 Qxa2 44. Qf6+ Kh7 45. Qe7+ Kh6 46. f5 Qb1+ 47. Ke2 Rg7 48. Qxd8 Qe4 49. Qf6+ Kh7 50. Ke1 Qxg2 51. e6 Qf2+ 52. Kd1 g2 0-1


[Site "https://www.chess.com"]

[Event "Titled Tuesday Blitz June 20 Late 2023"]
[White "Le, Tuan Minh"]
[Black "Tsaruk, Maksim"]
[WhiteFideId "12401153"]
[BlackFideId "13511173"]
[WhiteElo "2566"]
[BlackElo "2363"]
[Result "0-1"]
[Round "11"]
[TimeControl "180+2"]
[Date "2023.06.20"]
[WhiteClock "0:00:01"]
[BlackClock "0:00:05"]
[Board "6"]

1. d4 Nf6 2. Nf3 e6 3. Bf4 d5 4. e3 c5 5. c3 Bd6 6. Nbd2 O-O 7. Bd3 b6 8. Qe2 a5 9. O-O Ba6 10. Bxa6 Nxa6 11. Bg5 Be7 12. Rad1 Nc7 13. Ne5 cxd4 14. exd4 Qe8 15. f4 Nb5 16. Bxf6 gxf6 17. Ng4 f5 18. Nh6+ Kg7 19. Qh5 f6 20. Qh3 Nd6 21. Kh1 Qg6 22. Rf3 Qxh6 23. Rg3+ Qg6 24. Re1 Ne4 25. Nxe4 dxe4 26. d5 Rad8 27. dxe6 Rd3 28. Rxg6+ hxg6 29. Qh4 Bc5 30. e7 Bxe7 31. g4 Rh8 32. Qf2 Bc5 33. Qg2 fxg4 34. Qxe4 Rdh3 35. Qb7+ Kh6 36. Kg2 Rd8 37. Qe4 Rd2+ 38. Re2 Re3 39. Qa8 Rexe2+ 40. Kg3 Rg2+ 41. Kh4 g5+ 0-1


[Site "https://www.chess.com"]

[Event "Titled Tuesday Blitz June 20 Late 2023"]
[White "Sanal, Vahap"]
[Black "Hakobyan, Aram"]
[WhiteFideId "6300545"]
[BlackFideId "13306677"]
[WhiteElo "2606"]
[BlackElo "2584"]
[Result "0-1"]
[Round "11"]
[TimeControl "180+2"]
[Date "2023.06.20"]
[WhiteClock "0:00:20"]
[BlackClock "0:00:28"]
[Board "7"]

1. e4 g6 2. d4 Bg7 3. Nc3 c5 4. dxc5 Bxc3+ 5. bxc3 Nf6 6. Bd3 Qa5 7. Ne2 Qxc5 8. O-O d6 9. Nf4 Nbd7 10. Rb1 b6 11. c4 Bb7 12. Nd5 e6 13. Be3 Qc8 14. Nxf6+ Nxf6 15. Qf3 Nd7 16. Qg3 Qc7 17. Bd4 e5 18. Be3 f6 19. a4 g5 20. Qh3 Ke7 21. a5 Nc5 22. Bxc5 Qxc5 23. axb6 axb6 24. Rb5 Qc7 25. Rfb1 Ra6 26. Qh6 Rf8 27. c5 dxc5 28. Bc4 Ke8 29. Qh5+ Kd8 30. Be6 Bxe4 31. Rd1+ Ke7 32. Qh3 Qd6 33. Bd5 Qxd5 0-1


[Site "https://www.chess.com"]

[Event "Titled Tuesday Blitz June 20 Late 2023"]
[White "Rustemov, Alexander"]
[Black "Rasulov, Vugar"]
[WhiteFideId "4119002"]
[BlackFideId "13402390"]
[WhiteElo "2886"]
[BlackElo "2509"]
[Result "1-0"]
[Round "11"]
[TimeControl "180+2"]
[Date "2023.06.20"]
[WhiteClock "0:00:30"]
[BlackClock "0:00:23"]
[Board "8"]

1. d4 d6 2. Nf3 Nf6 3. g3 g6 4. Bg2 Bg7 5. c4 O-O 6. O-O Nc6 7. Nc3 a6 8. h3 Rb8 9. e4 b5 10. d5 b4 11. Ne2 Na5 12. Qc2 c5 13. Nd2 e6 14. Rb1 exd5 15. cxd5 Re8 16. Re1 h5 17. b3 h4 18. g4 Nxg4 19. hxg4 Bxg4 20. f3 Bd7 21. Bb2 h3 22. Bh1 h2+ 23. Kxh2 Re5 24. Bxe5 Bxe5+ 25. f4 Qg5 26. Nf3 Bxf4+ 27. Nxf4 Qxf4+ 28. Kg1 Kg7 29. Qh2 Qxh2+ 30. Kxh2 f6 31. Kg3 Nb7 32. Nd2 Bb5 33. Bf3 Nd8 34. Be2 Nf7 35. a4 bxa3 36. Ra1 Ne5 37. Rxa3 g5 38. Nf3 Ng6 39. Bxb5 Rxb5 40. Nd2 Rb4 41. Rxa6 Rd4 42. Nc4 Rd3+ 43. Re3 Rd1 44. Ra7+ Kh6 45. Nxd6 Nf4 46. Nf5+ Kg6 47. Rg7+ Kh5 48. Rh7+ Kg6 49. Rh6+ Kf7 50. Kg4 Rg1+ 51. Rg3 Re1 52. Nd6+ Kg7 53. Rh2 Kg6 54. Nf5 Ne2 55. Rh6+ Kf7 56. Rh7+ Kg8 57. Rg7+ Kf8 58. Rh3 Rg1+ 59. Kf3 1-0


[Site "https://www.chess.com"]

[Event "Titled Tuesday Blitz June 20 Late 2023"]
[White "Anton Guijarro, David"]
[Black "Grigoriants, Sergey"]
[WhiteFideId "2285525"]
[BlackFideId "4130804"]
[WhiteElo "2618"]
[BlackElo "2502"]
[Result "0-1"]
[Round "11"]
[TimeControl "180+2"]
[Date "2023.06.20"]
[WhiteClock "0:00:00"]
[BlackClock "0:00:03"]
[Board "9"]

1. Nf3 d5 2. c4 d4 3. b4 c5 4. a3 Qc7 5. g3 e5 6. Bg2 Nf6 7. O-O Nc6 8. b5 Nd8 9. e3 Ne6 10. d3 Be7 11. Re1 O-O 12. exd4 exd4 13. a4 a6 14. Na3 h6 15. Bd2 Bd6 16. bxa6 Rxa6 17. Nb5 Qd8 18. Nxd6 Qxd6 19. a5 b6 20. Ne5 bxa5 21. Rxa5 Rxa5 22. Bxa5 Nd7 23. Nc6 Nb8 24. Qf3 Ng5 25. Qd5 Qxc6 26. Qxc6 Nxc6 27. Bxc6 Bg4 28. f4 Nf3+ 29. Bxf3 Bxf3 30. Kf2 Bg4 31. Bb6 Rb8 32. Bxc5 Rb2+ 33. Kg1 Rd2 34. Bxd4 Rxd3 35. Bf2 Rc3 36. c5 Bf3 37. h3 Rc2 38. g4 h5 39. gxh5 Bxh5 40. Kg2 Bg6 41. Kg3 Bf5 42. h4 Rc3+ 43. Be3 f6 44. Kf3 Kf7 45. Ra1 Kg6 46. Rg1+ Kf7 47. h5 Bd7 48. Ke4 Bc6+ 49. Kd4 Ra3 50. Rb1 Ra4+ 51. Kc3 Ke6 52. Rb8 Ra3+ 53. Kd2 Ra2+ 54. Ke1 Ra8 55. Rb6 Kd5 56. Kf2 Rh8 57. Rb2 Rxh5 58. Rd2+ Kc4 59. Rd6 Kb5 60. Rd8 Rd5 61. Rg8 Rd7 62. Rb8+ Rb7 63. Rd8 Rd7 64. Rc8 Rb7 65. f5 Re7 0-1


[Site "https://www.chess.com"]

[Event "Titled Tuesday Blitz June 20 Late 2023"]
[White "Harsh Suresh"]
[Black "Xiong, Jeffery"]
[WhiteFideId "45018464"]
[BlackFideId "2047640"]
[WhiteElo "2209"]
[BlackElo "2726"]
[Result "1-0"]
[Round "11"]
[TimeControl "180+2"]
[Date "2023.06.20"]
[WhiteClock "0:00:31"]
[BlackClock "0:00:22"]
[Board "10"]

1. e4 c6 2. Nf3 d5 3. d3 Qc7 4. Nc3 dxe4 5. dxe4 e5 6. a4 Nf6 7. h3 Be7 8. Bc4 O-O 9. Be3 a5 10. O-O Nbd7 11. Qe2 Bc5 12. Rfd1 h6 13. Nh4 Re8 14. Nf5 Bxe3 15. Qxe3 Nb6 16. Bb3 Bxf5 17. exf5 Nbd7 18. Rd2 Qb6 19. Qxb6 Nxb6 20. Rad1 Kf8 21. f3 e4 22. fxe4 Nxe4 23. Nxe4 Rxe4 24. Rd8+ Rxd8 25. Rxd8+ Re8 26. Rd2 Re4 27. Rd8+ Re8 28. Rd2 h5 29. Kf2 Re5 30. g4 hxg4 31. hxg4 Re4 32. Kf3 Rb4 33. Rd8+ Ke7 34. Rg8 Kf6 35. Rf8 Nd5 36. Bxd5 cxd5 37. b3 Ke7 38. Rg8 Kf6 39. Rd8 b5 40. Rb8 Ke5 41. Rxb5 Rxb5 42. axb5 Kd6 43. Ke3 Kc5 44. c4 1-0


[Site "https://www.chess.com"]

[Event "Titled Tuesday Blitz June 20 Late 2023"]
[White "Nazari, Arad"]
[Black "Indjic, Aleksandar"]
[WhiteFideId "12577324"]
[BlackFideId "911925"]
[WhiteElo "2175"]
[BlackElo "2614"]
[Result "0-1"]
[Round "11"]
[TimeControl "180+2"]
[Date "2023.06.20"]
[WhiteClock "0:00:01"]
[BlackClock "0:00:39"]
[Board "11"]

1. e4 c5 2. Nf3 d6 3. Bb5+ Nd7 4. d4 cxd4 5. Qxd4 a6 6. Bxd7+ Bxd7 7. O-O Nf6 8. Bg5 e6 9. c4 Bc6 10. Nc3 Be7 11. b3 h6 12. Bc1 b5 13. a4 b4 14. Na2 e5 15. Qe3 a5 16. Nd2 O-O 17. Bb2 Qb8 18. Rad1 Nd7 19. Nc1 Bd8 20. Rfe1 Bb6 21. Qg3 f5 22. Nd3 f4 23. Qg4 Nc5 24. Nxc5 Bxc5 25. Nf3 Rf6 26. Nh4 Qa7 27. Rd2 Kh7 28. Qe2 Raf8 29. Kh1 Qb7 30. f3 g6 31. Red1 Qe7 32. Qe1 R6f7 33. Rd3 Bd7 34. R3d2 Be6 35. Rd3 h5 36. R1d2 Rc8 37. Rd1 Rc6 38. Bc1 Bb6 39. g3 Bd8 40. Qd2 Bc7 41. Ng2 g5 42. h4 gxh4 43. Nxh4 Rg7 44. Nf5 Bxf5 45. exf5 Rxg3 46. Qh2 Qg5 47. Rg1 h4 48. Rd5 Bb6 49. Rxg3 Qxg3 50. Qxg3 hxg3 51. Kg2 Kg7 52. Bb2 Kf6 53. Rb5 Kxf5 54. Bc1 Ke6 55. Bd2 Kd7 56. Bc1 Kc7 57. Bb2 Rc5 58. Rxc5+ Bxc5 59. Bc1 d5 60. cxd5 Kd6 0-1


[Site "https://www.chess.com"]

[Event "Titled Tuesday Blitz June 20 Late 2023"]
[White "Yoo, Christopher Woojin"]
[Black "Bolourchifard, Farzad"]
[WhiteFideId "30909694"]
[BlackFideId "12510084"]
[WhiteElo "2528"]
[BlackElo "2317"]
[Result "1-0"]
[Round "11"]
[TimeControl "180+2"]
[Date "2023.06.20"]
[WhiteClock "0:01:02"]
[BlackClock "0:00:23"]
[Board "12"]

1. d4 Nf6 2. Nf3 e6 3. c4 d5 4. g3 Be7 5. Bg2 O-O 6. O-O dxc4 7. Qc2 a6 8. a4 Bd7 9. Rd1 Bc6 10. Bg5 b5 11. Bxf6 Bxf6 12. Nc3 Qe8 13. e4 Bb7 14. e5 Be7 15. Ng5 Bxg5 16. Bxb7 Ra7 17. Be4 c6 18. Bxh7+ Kh8 19. Be4 Rd7 20. axb5 cxb5 21. f4 Bd8 22. d5 Bb6+ 23. Kg2 exd5 24. Nxd5 Bc5 25. Qe2 Qe6 26. Nf6 g6 27. Nxd7 Nxd7 28. Bb7 Nb8 29. Bd5 Qf5 30. h4 Kg7 31. Be4 Qe6 32. h5 Rh8 33. Rh1 g5 34. h6+ Rxh6 35. Rxh6 Qxh6 36. Rh1 Qb6 37. Qh5 gxf4 38. Qh8# 1-0


[Site "https://www.chess.com"]

[Event "Titled Tuesday Blitz June 20 Late 2023"]
[White "Eljanov, Pavel"]
[Black "Lewtak, Damian"]
[WhiteFideId "14102951"]
[BlackFideId "1141724"]
[WhiteElo "2598"]
[BlackElo "2302"]
[Result "1-0"]
[Round "11"]
[TimeControl "180+2"]
[Date "2023.06.20"]
[WhiteClock "0:00:07"]
[BlackClock "0:00:01"]
[Board "13"]

1. d4 g6 2. h4 h6 3. e4 Bg7 4. c4 d6 5. Nc3 e5 6. Nge2 Nc6 7. d5 Nce7 8. h5 g5 9. Ng3 f5 10. exf5 Nxf5 11. Nxf5 Bxf5 12. Bd3 Qd7 13. Be3 Nf6 14. Qc2 Bxd3 15. Qxd3 O-O 16. O-O-O e4 17. Nxe4 Nxe4 18. Qxe4 Rae8 19. Qc2 a5 20. Kb1 a4 21. Rhe1 a3 22. bxa3 Ra8 23. Bc1 Ra6 24. Re3 Qg4 25. f3 Qxh5 26. Bb2 Rb6 27. Rb3 Re8 28. Bxg7 Kxg7 29. Rxb6 cxb6 30. Qb2+ Kg8 31. Qxb6 Qg6+ 32. Ka1 Qf6+ 33. Qb2 Qxb2+ 34. Kxb2 Re2+ 35. Kb3 Rxg2 36. c5 Kf7 37. c6 bxc6 38. dxc6 Ke7 39. a4 Rf2 40. Kb4 Rxf3 41. a5 Kd8 42. a6 Kc7 43. a7 Rf8 44. Ka5 Ra8 45. Ka6 g4 46. Rb1 g3 47. Rb7+ Kxc6 48. Rg7 d5 49. Rxg3 d4 50. Rg6+ Kc5 51. Rxh6 d3 52. Kb7 d2 53. Rh1 Rd8 54. a8=Q Rd7+ 55. Kc8 1-0


[Site "https://www.chess.com"]

[Event "Titled Tuesday Blitz June 20 Late 2023"]
[White "Tari, Aryan"]
[Black "Rastbod, Ali"]
[WhiteFideId "1510045"]
[BlackFideId "12567477"]
[WhiteElo "2586"]
[BlackElo "2281"]
[Result "1-0"]
[Round "11"]
[TimeControl "180+2"]
[Date "2023.06.20"]
[WhiteClock "0:00:06"]
[BlackClock "0:00:00"]
[Board "14"]

1. e4 e6 2. d4 d5 3. Nd2 Be7 4. Ngf3 Nf6 5. e5 Nfd7 6. c3 c5 7. Bd3 Nc6 8. O-O O-O 9. Re1 Qb6 10. Nf1 cxd4 11. cxd4 f6 12. exf6 Nxf6 13. Ng3 Ng4 14. Re2 g6 15. h3 Nxf2 16. Rxf2 e5 17. Bh6 Rf7 18. Kh1 Be6 19. Be3 e4 20. Nxe4 dxe4 21. Bxe4 Rd8 22. Qe2 Qb4 23. Bxc6 bxc6 24. Bg5 Bc4 25. Qe3 Bxg5 26. Qxg5 Rdf8 27. Qh6 Qb7 28. Rc2 Bd5 29. Ne5 Rf1+ 30. Rxf1 Rxf1+ 31. Kh2 Qb4 32. Qh4 Qd6 33. Qg3 Bxa2 34. Nxc6 Qxg3+ 35. Kxg3 a6 36. Nb4 Bb3 37. Rc3 Be6 38. Nxa6 1-0


[Site "https://www.chess.com"]

[Event "Titled Tuesday Blitz June 20 Late 2023"]
[White "Sharan, Rao"]
[Black "Holt, Conrad"]
[WhiteFideId "5073464"]
[BlackFideId "2034387"]
[WhiteElo "2149"]
[BlackElo "2592"]
[Result "0-1"]
[Round "11"]
[TimeControl "180+2"]
[Date "2023.06.20"]
[WhiteClock "0:00:03"]
[BlackClock "0:00:14"]
[Board "15"]

1. d4 d5 2. Nc3 Nf6 3. Bf4 e6 4. e3 Bb4 5. Bd3 c5 6. dxc5 Nbd7 7. Ne2 O-O 8. a3 Bxc5 9. Bg5 Qc7 10. O-O a6 11. h3 b5 12. Qd2 Bb7 13. Rae1 h6 14. Bf4 e5 15. Bh2 Qc6 16. Ng3 e4 17. Be2 d4 18. Nd1 d3 19. cxd3 exd3 20. Bf3 Qxf3 21. gxf3 Ne5 22. Qc3 Nxf3+ 23. Kh1 Nxe1+ 24. f3 Nxf3 25. Qxc5 Rac8 26. Qa7 Rc2 27. Rf2 Bc6 28. e4 Nxe4 29. Nxe4 Ng5 30. Kg1 Nxh3+ 31. Kf1 Bxe4 32. Qe3 Nxf2 33. Nxf2 Bg6 34. Be5 Rd8 35. Bc3 Re2 36. Qb6 Ree8 37. Ng4 d2 38. Bxd2 Rxd2 39. Nf2 Bd3+ 40. Nxd3 Rxd3 41. Qxa6 Re5 42. Qa8+ Kh7 43. Qb8 Rdd5 44. b3 Rf5+ 45. Ke2 h5 46. a4 Rfe5+ 47. Kf3 bxa4 48. bxa4 Rf5+ 49. Ke4 g6 50. Qe8 Ra5 51. Qc6 h4 52. Ke3 h3 53. Ke2 h2 54. Qh1 Rfe5+ 55. Kd3 Rh5 56. Kc3 Rxa4 57. Kd2 Rf4 58. Ke2 Rff5 59. Ke3 Kg7 60. Ke2 Rfg5 61. Kf2 Kh7 62. Qb7 Rf5+ 63. Kg3 h1=Q 64. Qxf7+ Rxf7 65. Kg4 Qg2# 0-1


[Site "https://www.chess.com"]

[Event "Titled Tuesday Blitz June 20 Late 2023"]
[White "Schnaider, Ilan"]
[Black "Can, Isik"]
[WhiteFideId "169013"]
[BlackFideId "6383742"]
[WhiteElo "2224"]
[BlackElo "2374"]
[Result "0-1"]
[Round "11"]
[TimeControl "180+2"]
[Date "2023.06.20"]
[WhiteClock "0:00:01"]
[BlackClock "0:01:05"]
[Board "16"]

1. e4 c6 2. Nc3 d5 3. Nf3 dxe4 4. Nxe4 Nf6 5. Qe2 Nxe4 6. Qxe4 Nd7 7. Bc4 Nf6 8. Ne5 e6 9. Qf4 Bd6 10. d4 O-O 11. O-O Nd5 12. Qf3 Qh4 13. Bd3 Qxd4 14. Qh3 f5 15. Nf3 Qf6 16. Bg5 Qg6 17. Bd2 e5 18. Nh4 Qf6 19. g4 fxg4 20. Qg3 e4 21. f4 exf3 22. Qf2 Be7 23. Be1 Nf4 24. Bc4+ Be6 25. Bxe6+ Qxe6 26. Kh1 Bxh4 27. Qxh4 f2 28. Rxf2 Qe4+ 29. Kg1 Nh3+ 30. Kf1 Rae8 31. Rd1 Rxf2+ 32. Bxf2 Qh1+ 33. Bg1 Qxg1# 0-1


[Site "https://www.chess.com"]

[Event "Titled Tuesday Blitz June 20 Late 2023"]
[White "Fiorito, Francisco"]
[Black "Mahdavi, Reza"]
[WhiteFideId "180165"]
[BlackFideId "12595926"]
[WhiteElo "2319"]
[BlackElo "2395"]
[Result "0-1"]
[Round "11"]
[TimeControl "180+2"]
[Date "2023.06.20"]
[WhiteClock "0:00:03"]
[BlackClock "0:00:15"]
[Board "17"]

1. d4 Nf6 2. Nc3 d5 3. Bf4 g6 4. e3 Bg7 5. Nf3 O-O 6. Be2 c5 7. Nb5 Na6 8. h3 Qb6 9. c3 Bd7 10. a4 c4 11. b3 cxb3 12. Qxb3 Qa5 13. O-O Rfc8 14. c4 dxc4 15. Bxc4 Be8 16. Ne5 e6 17. Nd6 Rc7 18. Bb5 Qb4 19. Qa2 Qxd6 20. Nxf7 Qd5 21. Bxc7 Nxc7 22. Bc4 Qd7 23. Ng5 Nfd5 24. e4 h6 25. Nxe6 Qxe6 26. exd5 Qd6 27. Rab1 b6 28. Rfe1 Rd8 29. Qd2 Bf7 30. Rbd1 Nxd5 31. Qe2 Kh7 32. Qg4 Rd7 33. Bd3 Nf6 34. Qe2 Nd5 35. Qc2 Nb4 36. Qb1 Nxd3 37. Qxd3 Bd5 38. Qe3 Rf7 39. Rd2 Bc6 40. Rde2 Qd5 41. f4 Bxd4 42. Kh2 Bxe3 43. Rxe3 Qxg2# 0-1


[Site "https://www.chess.com"]

[Event "Titled Tuesday Blitz June 20 Late 2023"]
[White "Lin, Dachey"]
[Black "Delorme, Axel"]
[WhiteFideId "2029650"]
[BlackFideId "632023"]
[WhiteElo "2313"]
[BlackElo "2478"]
[Result "1-0"]
[Round "11"]
[TimeControl "180+2"]
[Date "2023.06.20"]
[WhiteClock "0:01:48"]
[BlackClock "0:00:45"]
[Board "18"]

1. Nc3 d5 2. e4 d4 3. Nce2 e5 4. Nf3 f6 5. c3 c5 6. Ng3 Be6 7. Bb5+ Nc6 8. d3 Ne7 9. O-O a6 10. Ba4 b5 11. Bb3 Qd7 12. Bxe6 Qxe6 13. a4 Rd8 14. axb5 axb5 15. cxd4 Nxd4 16. Nxd4 cxd4 17. f4 exf4 18. Bxf4 Ng6 19. Ra7 Nxf4 20. Rxf4 Bd6 21. Qh5+ Kf8 22. Rg4 g5 23. Qh6+ Ke8 24. Nf5 Bf8 25. Qh5+ 1-0


[Site "https://www.chess.com"]

[Event "Titled Tuesday Blitz June 20 Late 2023"]
[White "Przybylski, Wojciech"]
[Black "Fiorito, Joaquin"]
[WhiteFideId "1117599"]
[BlackFideId "180173"]
[WhiteElo "2228"]
[BlackElo "2199"]
[Result "1-0"]
[Round "11"]
[TimeControl "180+2"]
[Date "2023.06.20"]
[WhiteClock "0:00:04"]
[BlackClock "0:00:00"]
[Board "19"]

1. d4 Nf6 2. Nf3 d5 3. g3 Bf5 4. Bg2 e6 5. O-O h6 6. Re1 Be7 7. Nbd2 O-O 8. c4 c6 9. Nh4 Bh7 10. b3 a5 11. a4 Na6 12. e4 dxe4 13. Nxe4 Nxe4 14. Bxe4 Bxh4 15. Bxh7+ Kxh7 16. Qd3+ Kg8 17. gxh4 Qxh4 18. Re4 Nb4 19. Qf3 Qe7 20. Bb2 Rad8 21. Rae1 Rfe8 22. Kh1 Qd7 23. Rg1 f5 24. Rh4 Kf8 25. Qg3 Qf7 26. d5 Rd7 27. d6 c5 28. Qe3 e5 29. Rxh6 Qg8 30. Bxe5 Nc6 31. Rf6+ gxf6 32. Qh6+ Rg7 33. Qxf6+ Qf7 34. Rxg7 Qxf6 35. Bxf6 Re6 36. Rxb7 Rxf6 37. d7 Ke7 38. h4 Rh6 39. Kg2 Rxh4 40. Rc7 Nd8 41. Rxc5 f4 42. Rxa5 Kxd7 43. Rd5+ Ke7 44. b4 Ne6 45. b5 Rh8 46. a5 Rc8 47. a6 Rxc4 48. b6 Ra4 49. a7 f3+ 50. Kg3 Nc5 51. Rxc5 Kd6 52. Rb5 Kc6 53. Rb3 Kb7 54. Kxf3 Ra3 55. Rxa3 1-0


[Site "https://www.chess.com"]

[Event "Titled Tuesday Blitz June 20 Late 2023"]
[White "Haydon, David L"]
[Black "Makhnev, Denis"]
[WhiteFideId "415405"]
[BlackFideId "13707647"]
[WhiteElo "2326"]
[BlackElo "2515"]
[Result "0-1"]
[Round "11"]
[TimeControl "180+2"]
[Date "2023.06.20"]
[WhiteClock "0:00:03"]
[BlackClock "0:02:04"]
[Board "20"]

1. Nf3 Nf6 2. e3 Nc6 3. b3 g6 4. Bb2 Bg7 5. Be2 O-O 6. c4 d6 7. d4 e5 8. Nc3 e4 9. Nd2 Re8 10. h3 h5 11. a3 Nb8 12. g4 hxg4 13. hxg4 d5 14. g5 Nh7 15. Nxd5 Nxg5 16. Qc2 Bf5 17. O-O-O c6 18. Nf4 Nd7 19. Rdg1 b5 20. Bg4 Qf6 21. Bxf5 Qxf5 22. Rg3 a5 23. Rhg1 Nh7 24. f3 Ndf6 25. fxe4 Nxe4 26. R3g2 Nhf6 27. Nf3 Ra7 28. Ne5 a4 29. cxb5 axb3 30. Qxb3 cxb5 31. Rxg6 Rc7+ 32. Kd1 Ng4 33. Qxb5 Nef2+ 34. Ke1 Rxe5 35. dxe5 fxg6 36. Qe8+ Kh7 37. Ke2 Rc2+ 38. Kf3 Rxb2 39. Qc6 Nxe5+ 0-1


[Site "https://www.chess.com"]

[Event "Titled Tuesday Blitz June 20 Late 2023"]
[White "Goryachkina, Aleksandra"]
[Black "Baskakov, Egor"]
[WhiteFideId "4147103"]
[BlackFideId "24197866"]
[WhiteElo "2471"]
[BlackElo "2225"]
[Result "1-0"]
[Round "11"]
[TimeControl "180+2"]
[Date "2023.06.20"]
[WhiteClock "0:00:07"]
[BlackClock "0:00:05"]
[Board "21"]

1. e4 c5 2. Nf3 Nf6 3. Nc3 d5 4. exd5 Nxd5 5. Bc4 Nb6 6. Be2 Nc6 7. O-O e5 8. Bb5 f6 9. a4 Be7 10. a5 Nd5 11. a6 O-O 12. Bc4 Nb4 13. Nxd5 Nxd5 14. c3 Kh8 15. axb7 Bxb7 16. d3 Qd7 17. Re1 Rfd8 18. h3 Nb6 19. Qe2 Nxc4 20. dxc4 e4 21. Nh2 f5 22. Bf4 Qe6 23. Qe3 Qxc4 24. Qg3 Rd3 25. Re3 Rxe3 26. fxe3 Bf6 27. Be5 Bxe5 28. Qxe5 Qe2 29. Nf1 h6 30. Qxc5 Qxb2 31. Rxa7 Rd8 32. Qe7 Rb8 33. Qc7 Rg8 34. Rxb7 Qe2 35. c4 Qd1 36. c5 Qa1 37. c6 Rf8 38. Rb8 Rxb8 39. Qxb8+ Kh7 40. c7 f4 41. c8=Q f3 42. Qg8+ Kg6 43. Qg3+ Kh5 44. Qg4# 1-0


[Site "https://www.chess.com"]

[Event "Titled Tuesday Blitz June 20 Late 2023"]
[White "EREBUNI91"]
[Black "Moral Garcia, Serafin"]
[BlackFideId "2201925"]
[WhiteElo "2793"]
[BlackElo "2274"]
[Result "1/2-1/2"]
[Round "11"]
[TimeControl "180+2"]
[Date "2023.06.21"]
[WhiteClock "0:00:51"]
[BlackClock "0:00:45"]
[Board "22"]

1. e4 e5 2. Nf3 Nf6 3. d4 Nxe4 4. Bd3 d5 5. Nxe5 Nd7 6. Nxd7 Bxd7 7. O-O Bd6 8. Nd2 Nxd2 9. Bxd2 O-O 10. Qh5 f5 11. Rfe1 Qf6 12. Qf3 c6 13. Bf4 Rae8 14. Qg3 Bxf4 15. Qxf4 g5 16. Qc7 Bc8 17. c3 Qf7 18. Qd6 Re6 19. Qg3 h6 20. f4 Rfe8 21. Rxe6 Qxe6 22. fxg5 Qe3+ 23. Qxe3 Rxe3 24. Rd1 hxg5 25. Kf2 f4 26. h3 Kg7 27. Be2 Bf5 28. Bf3 Kf6 29. Re1 Rxe1 30. Kxe1 b6 31. Bg4 Bxg4 32. hxg4 Ke6 33. Ke2 Kd6 34. Kd3 Ke6 35. Ke2 Kd6 36. Kd3 1/2-1/2


[Site "https://www.chess.com"]

[Event "Titled Tuesday Blitz June 20 Late 2023"]
[White "Piesik, Piotr"]
[Black "Leitao, Rafael"]
[WhiteFideId "1136194"]
[BlackFideId "2101246"]
[WhiteElo "2303"]
[BlackElo "2609"]
[Result "0-1"]
[Round "11"]
[TimeControl "180+2"]
[Date "2023.06.20"]
[WhiteClock "0:01:45"]
[BlackClock "0:00:29"]
[Board "23"]

1. Nf3 Nf6 2. g3 g6 3. Bg2 Bg7 4. O-O O-O 5. d4 d6 6. Nbd2 c6 7. e4 Nbd7 8. Qe2 e5 9. dxe5 dxe5 10. a4 Qc7 11. b3 Re8 12. Bb2 Nc5 13. Rfd1 a5 14. Ne1 b6 15. f3 Ba6 16. Qf2 Rad8 17. Bf1 Bxf1 18. Qxf1 Ne6 19. c3 Nc5 20. Ba3 Bf8 21. Kg2 Nxb3 22. Nxb3 Rxd1 23. Rxd1 Bxa3 24. Nc2 Bf8 25. Ne3 Rd8 26. Nc4 Rxd1 27. Qxd1 b5 28. axb5 cxb5 29. Ncxa5 Qxc3 30. Qd2 Qxd2+ 31. Nxd2 Bb4 32. Ndb3 Bxa5 33. Nxa5 Nd7 34. Kf2 f5 35. exf5 gxf5 36. Ke3 Kf7 37. f4 Ke6 38. fxe5 Nxe5 39. Kd4 Nf3+ 40. Kc5 Nxh2 41. Kxb5 Nf1 42. Kc4 Nxg3 43. Kd3 f4 44. Nc6 Kf5 45. Kd2 Kg4 46. Ke1 Kf3 47. Ne5+ Kg2 48. Ng4 f3 49. Ne3+ Kg1 50. Ng4 h5 51. Nf2 Kg2 52. Nd3 Ne2 53. Nf2 h4 54. Ng4 h3 55. Ne3+ Kg1 56. Ng4 Nf4 57. Nf2 Ng2+ 0-1


[Site "https://www.chess.com"]

[Event "Titled Tuesday Blitz June 20 Late 2023"]
[White "Bjelobrk, Igor"]
[Black "Fodor, Tamas Jr."]
[WhiteFideId "4300726"]
[BlackFideId "723762"]
[WhiteElo "2319"]
[BlackElo "2504"]
[Result "0-1"]
[Round "11"]
[TimeControl "180+2"]
[Date "2023.06.20"]
[WhiteClock "0:00:10"]
[BlackClock "0:00:39"]
[Board "24"]

1. d4 d5 2. c4 e6 3. Nf3 c6 4. g3 dxc4 5. Bg2 b5 6. O-O Bb7 7. b3 cxb3 8. Qxb3 a6 9. Rd1 Nf6 10. Nc3 Nbd7 11. Ne5 Rc8 12. Bg5 Be7 13. a4 b4 14. a5 O-O 15. Nxd7 Nxd7 16. Bxe7 Qxe7 17. Na4 Rb8 18. e3 c5 19. d5 exd5 20. Bxd5 Ne5 21. Rac1 c4 22. Rxc4 Bxd5 23. Rxd5 Nxc4 24. Qxc4 b3 25. Nb6 Qa3 26. Qc3 Qa2 27. Rd2 Qb1+ 28. Kg2 Qe4+ 29. f3 Qe6 30. Rb2 h6 31. Rxb3 Rfd8 32. Rb2 Rb7 33. Rc2 Re7 34. e4 h5 35. h4 Qe5 36. Nd5 Ree8 37. Qc4 Rc8 38. Qxc8 Rxc8 39. Rxc8+ Kh7 40. Rc6 Qb2+ 41. Kh3 Qb5 42. Rc7 Qf1+ 43. Kh2 Qf2+ 44. Kh3 Qxf3 45. Kh2 Qe2+ 46. Kh3 Qxe4 47. Nf4 Qh1# 0-1


[Site "https://www.chess.com"]

[Event "Titled Tuesday Blitz June 20 Late 2023"]
[White "WindWhistler11"]
[Black "Oro, Faustino"]
[BlackFideId "20000197"]
[WhiteElo "2576"]
[BlackElo "1984"]
[Result "0-1"]
[Round "11"]
[TimeControl "180+2"]
[Date "2023.06.20"]
[WhiteClock "0:00:05"]
[BlackClock "0:00:22"]
[Board "25"]

1. Nf3 Nf6 2. g3 d5 3. c4 c6 4. Bg2 Bf5 5. b3 e6 6. O-O h6 7. Bb2 Be7 8. d3 O-O 9. Nbd2 Nbd7 10. Qc2 Bh7 11. Rad1 a5 12. a3 Qc7 13. cxd5 exd5 14. e4 dxe4 15. dxe4 Rfe8 16. Nd4 Rad8 17. Nf5 Bxf5 18. exf5 Nb6 19. Nf3 Nfd5 20. Rfe1 Bf6 21. Bxf6 Nxf6 22. Qc5 Nbd5 23. Rxe8+ Rxe8 24. Nd4 Re5 25. Qc2 Qb6 26. Bf3 Nc7 27. Kg2 Na6 28. Rd3 Nc5 29. Re3 Rxe3 30. fxe3 Ncd7 31. Qc3 Ne5 32. Be2 Nd5 33. Qd2 Qc5 34. Bf3 Nxf3 35. Kxf3 Qxa3 36. e4 Nf6 37. e5 Nd5 38. e6 c5 39. Nb5 Qxb3+ 40. Kg2 Ne3+ 41. Kh3 Nxf5 42. Qd8+ Kh7 43. e7 Nxe7 44. Qxe7 Qxb5 45. Qxf7 Qd3 46. Qxb7 c4 47. Qa6 Qf5+ 48. g4 Qf3+ 49. Kh4 g5+ 50. Kh5 Qh3# 0-1


[Site "https://www.chess.com"]